 Dungeon Crawl Stone Soup version 0.19-a0-585-ge40200b (webtiles) character file.

5205 Delvonshi the Covert (level 10, -5/61 HPs)
             Began as a Kobold Conjurer on June 9, 2016.
             Was a Follower of Uskayaw.
             Slain by a black mamba (20 damage)
             ... on level 1 of the Lair of Beasts.
             The game lasted 01:06:39 (18747 turns).

Delvonshi the Covert (Kobold Conjurer)             Turns: 18747, Time: 01:06:40

Health: -5/61      AC: 10    Str: 13    XL:     10   Next: 91%
Magic:  13/16      EV: 20    Int: 13    God:    Uskayaw [*.....]
Gold:   310        SH:  0    Dex: 19    Spells: 3 memorised, 12 levels left

rFire  . . .     SeeInvis +     C - +4 quarterstaff (chaos)
rCold  . . .     Gourm    .     L - +2 robe {MR+}
rNeg   . . .     Faith    .     (shield currently unavailable)
rPois  .         Spirit   .     h - +0 helmet
rElec  .         Dismiss  .     y - +0 cloak
rCorr  .         Reflect  .     s - +2 pair of gloves
SustAt .         Harm     .     A - +0 pair of boots
MR     ++...                    (no amulet)
Stlth  +++++.....               E - ring of see invisible (curse)
                                k - ring of protection from magic

@: mighty, drained, very resistant to hostile enchantments, quite stealthy
A: carnivore 3
a: Stomp, Renounce Religion


You were on level 1 of the Lair of Beasts.
You worshipped Uskayaw.
Uskayaw was aware of your devotion.
You were not hungry.

You visited 3 branches of the dungeon, and saw 13 of its levels.

You collected 593 gold pieces.
You spent 283 gold pieces at shops.

Inventory:

Hand Weapons
 g - a +2 flail
 C - a +4 quarterstaff of chaos (weapon)
 K - a +2 dagger
Missiles
 e - 4 throwing nets (quivered)
Armour
 f - a +0 buckler
 h - a +0 helmet (worn)
 s - a +2 pair of gloves (worn)
 y - a +0 cloak (worn)
 A - a +0 pair of boots (worn)
 L - a +2 robe of magic resistance (worn)
Jewellery
 k - a ring of protection from magic (left hand)
 E - a cursed ring of see invisible (right hand)
Wands
 j - a wand of acid (4/15)
 m - a wand of iceblast (6/15)
 w - a wand of slowing (17/48)
 I - a wand of lightning (2/15)
Scrolls
 a - a scroll of vulnerability
 d - 9 scrolls of remove curse
 i - 14 scrolls of identify
 n - a scroll of recharging
 H - a scroll of fog
Potions
 l - a potion of berserk rage
 o - 2 potions of flight
 q - a potion of might
 r - a potion of cure mutation {unknown}
 t - a potion of degeneration
 u - a potion of cancellation {unknown}
 x - a potion of lignification {unknown}
 z - a potion of resistance
Books
 b - a book of Conjurations

   Spells                             Type                      Level
   a - Magic Dart                     Conjuration                  1
   b - Searing Ray                    Conjuration                  2
   c - Dazzling Spray                 Conjuration/Hexes            3
   d - Fulminant Prism                Conjuration/Hexes            4
   e - Iskenderun's Mystic Blast      Conjuration                  4
   f - Iskenderun's Battlesphere      Conjuration/Charms           5
 v - a book of Debilitation

   Spells                             Type                      Level
   a - Corona                         Hexes                        1
   b - Slow                           Hexes                        2
   c - Gell's Gravitas                Hexes/Translocation          3
   d - Inner Flame                    Hexes/Fire                   3
   e - Cause Fear                     Hexes                        4
   f - Leda's Liquefaction            Hexes/Earth                  4
 D - a book of Cantrips

   Spells                             Type                      Level
   a - Corona                         Hexes                        1
   b - Animate Skeleton               Necromancy                   1
   c - Summon Small Mammal            Summoning                    1
   d - Apportation                    Translocation                1
 F - a Grand Grimoire

   Spells                             Type                      Level
   a - Monstrous Menagerie            Summoning                    7
   b - Summon Greater Demon           Summoning                    7
   c - Malign Gateway                 Summoning/Translocation      7
   d - Summon Horrible Things         Summoning                    8
 N - a book of Burglary

   Spells                             Type                      Level
   a - Swiftness                      Charms/Air                   2
   b - Passwall                       Transmutation/Earth          2
   c - Passage of Golubria            Translocation                4
   d - Lee's Rapid Deconstruction     Earth                        5
   e - Darkness                       Hexes                        6
   f - Invisibility                   Hexes                        6
Comestibles
 c - 4 meat rations
 p - 2 beef jerkies
 J - a slice of pizza


   Skills:
 - Level 6.4(5.2) Fighting
 + Level 5.7(4.5) Short Blades
 + Level 8.0(6.8) Dodging
 + Level 10.9(9.5) Stealth
 - Level 4.5(3.4) Spellcasting
 - Level 5.1(4.0) Conjurations
 - Level 3.4(2.3) Hexes
 + Level 6.0(4.8) Invocations


You had 12 spell levels left.
You knew the following spells:

 Your Spells              Type           Power        Failure   Level  Hunger
a - Magic Dart            Conj           ##..         6%          1    #......
b - Searing Ray           Conj           ##....       10%         2    ##.....
c - Dazzling Spray        Conj/Hex       ##....       17%         3    ###....


Dungeon Overview and Level Annotations

Branches:
Dungeon (11/15)            Temple (1/1) D:4            Lair (1/8) D:9
    Orc: D:9-12

Altars:
Ashenzari
Cheibriados
Dithmenos
Elyvilon
Fedhas
Gozag
Hepliaklqana
Kikubaaqudgha
Makhleb
Nemelex Xobeh
Okawaru
Pakellas
Qazlal
Ru
Sif Muna
Trog
Uskayaw
Vehumet
Xom
Yredelemnul
Zin
The Shining One

Shops:
D:9 *   D:11 *!(%(

Annotations:
D:4 idiolect's ghost, novice FoFi
D:10 boo's ghost, novice DsMo
D:11 Gastronok


Innate Abilities, Weirdness & Mutations

You are small and have problems with some larger weapons.
You are carnivorous and can eat meat at any time.


Message History

The wolf closely misses you.
You hit the wolf.
The wolf is poisoned.
The wolf is moderately wounded.
The wolf misses you.
The blink frog blinks!
The wolf misses you.
You feel very mighty all of a sudden.
Your hearing returns.
The wolf misses you.
Okay, then.
An iguana comes into view.
The blink frog completely misses you. The blink frog misses you.
The blink frog blinks!
The wolf looks more healthy.
The blink frog blinks!
You hear a distant blaring wail to the south.
The black mamba bites the plant but does no damage.
A spiny frog comes into view.
The blink frog blinks!
The black mamba bites you.
* * * LOW HITPOINT WARNING * * *
The blink frog completely misses you. The black mamba bites you!!
You die...

............##P.#......[.#..##
...............F.h.......+...#
............................##
................+........#..#
...........#...#........#.F#
........F.#hhD####.....# .#
.........#.h...........
.......##..FS........ .....P
#...@....... #............
.........F..#P# .....F......#
# ............# #######......#
#.....## ......#


You could see a six-headed hydra, a black mamba, a spiny frog (wandering), 2
blink frogs, 3 wolves and a giant frog (wandering).

Vanquished Creatures
  A troll (D:10)
  A blink frog (Lair:1)
  4 yaks (D:9)
  3 hippogriffs
  2 ice beasts
  2 sky beasts (D:11)
  2 orc warriors
  A wolf (Lair:1)
  4 ogres
  2 centaurs
  5 giant frogs
  2 jellies (D:9)
  7 scorpions
  8 wights
  7 howler monkeys
  6 crimson imps
  A centaur zombie (D:8)
  Crazy Yiuf (D:7)
  6 hounds
  An orc priest (D:10)
  5 orc wizards
  A giant frog skeleton (D:9)
  8 iguanas
  Natasha (thrice) (D:3)
  7 worker ants
  Robin (D:3)
  5 gnolls
  9 adders
  2 shadow imps
  2 oozes
  An adder zombie (D:7)
  An adder skeleton (D:4)
  3 worms
  A dart slug (D:2)
  6 giant geckos
  26 orcs
  2 ball pythons (D:1)
  3 giant cockroaches
  16 goblins
  20 hobgoblins
  14 jackals
  A quokka (D:8)
  12 bats
  5 giant newts
  A jackal skeleton (D:4)
  A jackal zombie (D:5)
  10 kobolds
  6 rats
238 creatures vanquished.

Notes
Turn   | Place    | Note
--------------------------------------------------------------
     0 | D:1      | Delvonshi the Kobold Conjurer began the quest for the Orb.
     0 | D:1      | Reached XP level 1. HP: 10/10 MP: 3/3
   186 | D:1      | Reached skill level 3 in Stealth
   188 | D:1      | Reached XP level 2. HP: 15/15 MP: 0/5
   710 | D:1      | Reached XP level 3. HP: 19/19 MP: 2/6
   976 | D:1      | Reached skill level 4 in Stealth
  1509 | D:1      | Reached skill level 1 in Fighting
  1509 | D:1      | Reached XP level 4. HP: 17/25 MP: 0/7
  2546 | D:2      | Found a shimmering altar of Xom.
  2547 | D:2      | Found a hazy altar of Hepliaklqana.
  2547 | D:2      | Noticed a boggart
  2548 | D:2      | Noticed a boggart
  2548 | D:2      | Noticed a spectral ugly thing
  2796 | D:2      | Reached XP level 5. HP: 29/29 MP: 8/8
  2846 | D:2      | Learned a level 2 spell: Searing Ray
  2848 | D:3      | Noticed Robin
  3769 | D:3      | Noticed Natasha
  3781 | D:3      | Killed Natasha
  3896 | D:3      | Noticed Natasha
  4474 | D:3      | Killed Robin
  4474 | D:3      | Reached XP level 6. HP: 24/36 MP: 0/9
  4802 | D:4      | Noticed idiolect's ghost (novice FoFi)
  5099 | D:5      | Entered Level 5 of the Dungeon
  5126 | D:5      | Reached skill level 5 in Stealth
  5291 | D:5      | Found a shadowy altar of Dithmenos.
  5516 | D:5      | Noticed an ogre
  6385 | D:5      | Killed an ogre
  6605 | D:5      | Found a glowing silver altar of Zin.
  6831 | D:5      | Noticed an ice beast
  6849 | D:5      | Killed an ice beast
  6849 | D:5      | Reached skill level 5 in Dodging
  6849 | D:5      | Reached XP level 7. HP: 9/41 MP: 0/10
  7232 | D:4      | Found a staircase to the Ecumenical Temple.
  7245 | Temple   | Entered the Ecumenical Temple
  7440 | D:3      | Reached skill level 6 in Stealth
  7569 | D:3      | Killed Natasha
  7578 | D:3      | Noticed Natasha
  7647 | D:3      | Killed Natasha
  9398 | D:6      | Reached skill level 5 in Conjurations
  9398 | D:6      | Reached XP level 8. HP: 48/48 MP: 3/11
  9868 | D:6      | Reached skill level 7 in Stealth
 10519 | D:7      | Reached skill level 5 in Fighting
 10617 | D:7      | Found an iron altar of Okawaru.
 11126 | D:7      | Learned a level 3 spell: Dazzling Spray
 11348 | D:7      | Noticed Crazy Yiuf
 11352 | D:7      | Killed Crazy Yiuf
 11516 | D:8      | Found a stormy altar of Qazlal.
 11516 | D:8      | Found a sacrificial altar of Ru.
 11516 | D:8      | Found a glowing golden altar of the Shining One.
 11516 | D:8      | Found a sparkling altar of Nemelex Xobeh.
 11522 | D:8      | Found a radiant altar of Vehumet.
 11522 | D:8      | Found a bloodstained altar of Trog.
 12022 | D:8      | Noticed a dagger
 12023 | D:8      | Noticed a dagger
 12026 | D:8      | Found a hide-covered altar of Uskayaw.
 12037 | D:8      | Became a worshipper of Uskayaw the Reveler
 12121 | D:8      | Reached * piety under Uskayaw
 12124 | D:8      | Reached skill level 8 in Stealth
 12124 | D:8      | Reached skill level 1 in Hexes
 12124 | D:8      | Reached XP level 9. HP: 54/54 MP: 1/13
 12473 | D:8      | Reached skill level 1 in Invocations
 12473 | D:8      | Reached ** piety under Uskayaw
 12490 | D:8      | Reached *** piety under Uskayaw
 12624 | D:9      | Reached **** piety under Uskayaw
 12626 | D:9      | Reached ***** piety under Uskayaw
 12627 | D:9      | Reached skill level 9 in Stealth
 12701 | D:9      | Found a staircase to the Lair.
 12817 | D:9      | Noticed a troll
 13614 | D:9      | Found a deep blue altar of Sif Muna.
 13804 | D:9      | Reached skill level 1 in Short Blades
 14420 | D:9      | Reached XP level 10. HP: 42/61 MP: 9/16
 14743 | D:9      | Found Lijiaz's General Store.
 14751 | D:9      | Bought a +2 robe of magic resistance for 283 gold pieces
 14973 | D:10     | Entered Level 10 of the Dungeon
 14998 | D:10     | HP: 3/61 [orc warrior/hand axe of freezing (8)]
 15013 | D:10     | Noticed boo's ghost (novice DsMo)
 15028 | D:11     | Found Cutaum's Antique Weapon Emporium.
 15506 | D:11     | Noticed a white ugly thing
 15506 | D:11     | Noticed a gargoyle
 15540 | D:11     | Found Raetanto's Distillery.
 15564 | D:11     | Found Qiytur's Assorted Antiques.
 15573 | D:11     | Reached skill level 10 in Stealth
 16129 | D:11     | Found Xyuh's Weapon Shop.
 16150 | D:11     | Found Cupari's Food Boutique.
 16179 | D:11     | Noticed a cyclops
 16179 | D:11     | Reached skill level 5 in Invocations
 16269 | D:11     | Noticed Gastronok
 17458 | D:10     | Reached skill level 5 in Short Blades
 17537 | D:10     | Noticed a gargoyle
 18484 | Lair:1   | Entered Level 1 of the Lair of Beasts
 18632 | Lair:1   | Noticed a six-headed hydra
 18704 | Lair:1   | Noticed a black mamba
 18746 | Lair:1   | Noticed a spiny frog
 18747 | Lair:1   | Slain by a black mamba

Vault maps used:
D:1:      shiori_arrival_maze, serial_bayou_pond_a, minmay_vboxes
D:2:      regret_index_temple_of_mockery, serial_glass, glass_columns_c,
          glass_columns_a, glass_columns_a, glass_columns_a, glass_columns_a,
          glass_columns_a
D:3:      uniq_natasha, uniq_robin
D:4:      lemuel_upstairs_altar, temple_fountains, first_bread
D:5:      kennysheep_little_box, zin_scriptorium, hangedman_decor_growths
D:7:      marbit_many_paths, uniq_crazy_yiuf_cottage
D:8:      dancing_weapons_uskayaw, minmay_overflow_temple_hex
D:9:      led_sif_book, lair_0_dummy, serial_shops, nicolae_shop_trees
D:10:     minmay_ornate_pinched, hiddenorc2_lemuel,
          lightli_bailey_entry_fortress, bloody_trog
D:11:     serial_shops, shop_fountains, shop_statue, kennysheep_mini_moat, shop,
          shop, uniq_gastronok
Temple:   nicolae_temple_no_exploring_needed
Lair:1:   infiniplex_staircase_pool

Skill      XL: |  1  2  3  4  5  6  7  8  9 10 |
---------------+-------------------------------+-----
Stealth        | 3 4 5 6 8 9 10 | 10.9
Dodging        | 3 4 5 6 8 |  8.0
Fighting       | 1 2 3 4 5 6 |  6.4
Conjurations   | 4 5 |  5.1
Spellcasting   | 3 4 |  4.5
Hexes          | 1 3 |  3.4
Invocations    | 3 6 |  6.0
Short Blades   | 1 5 |  5.7

Action                   |  1- 3 |  4- 6 |  7- 9 | 10-12 || total
-------------------------+-------+-------+-------+-------++-------
Melee: Whip              |    20 |       |       |       ||    20
       Dagger            |    84 |   245 |   115 |   152 ||   596
       Short sword       |       |       |   335 |       ||   335
       Quarterstaff      |       |       |    19 |    69 ||    88
 Cast: Magic Dart        |    53 |   182 |    94 |    16 ||   345
       Searing Ray       |       |    26 |    33 |    15 ||    74
       Dazzling Spray    |       |       |    39 |    45 ||    84
Invok: Stomp             |       |       |     1 |     2 ||     3
       Line Pass         |       |       |       |     8 ||     8
Evoke: Wand              |       |     2 |     1 |     4 ||     7
  Use: Scroll            |     1 |     8 |     2 |     8 ||    19
       Potion            |       |     8 |     2 |     7 ||    17
 Stab: Sleeping          |     4 |     9 |    15 |     4 ||    32
       Distracted        |       |     1 |       |     1 ||     2
       Invisible         |       |       |    12 |    11 ||    23
       Paralysed         |       |       |     3 |     7 ||    10
       Confused          |       |       |       |     2 ||     2
       Petrifying        |       |       |       |     1 ||     1
  Eat: Chunk             |    10 |    22 |    31 |    18 ||    81
       Pizza             |       |       |     2 |       ||     2
       Beef jerky        |       |       |     1 |       ||     1
Armor: Robe              |    21 |    32 |    80 |    67 ||   200
Dodge: Dodged            |   138 |   258 |   548 |   416 ||  1360
